 Dungeon Crawl Stone Soup version bcrawl-1.12.2 (webtiles) character file.

Game seed: 13187934216703025428

63 RedPan the Insei (level 3, -2/29 HPs)
             Began as a Demonspawn Monk on July 21, 2019.
             Slain by a gnoll
             ... wielding a +0 halberd
              (10 damage)
             ... on level 2 of the Dungeon.
             The game lasted 00:02:34 (1213 turns).

RedPan the Insei (Demonspawn Monk)                  Turns: 1213, Time: 00:02:35

Health: -2/29      AC:  5    Str: 11    XL:     3   Next: 89%
Magic:  0/5        EV: 13    Int: 12    God:
Gold:   94         SH:  4    Dex: 15    Spells: 2/2 levels left

rFire    . . .     SeeInvis .     - Unarmed
rCold    . . .     Gourm    .   (no shield)
rNeg     . . .     Faith    .   a - +0 robe
rPois    .         Spirit   +   b - +0 hat
rElec    .         Reflect  .   (no cloak)
rCorr    .         Harm     .   (no gloves)
MR       .....                  (no boots)
Stlth    ++........             c - amulet of guardian spirit
HPRegen  0.09/turn              e - +3 ring of protection
MPRegen  0.09/turn              (no ring)

@: no status effects
A: large bone plates 1, powered by death 1
a: no special abilities


You were on level 2 of the Dungeon.
You were not hungry.

You visited 1 branch of the dungeon, and saw 2 of its levels.

You collected 94 gold pieces.

Inventory:

Armour
 a - a +0 robe (worn)
 b - a +0 hat (worn)
Jewellery
 c - an amulet of guardian spirit (around neck)
 e - a +3 ring of protection (left hand)
Scrolls
 f - a scroll of fog {unknown}
Potions
 h - a potion of berserk rage {unknown}
Comestibles
 d - 2 rations {!d}
 g - 2 chunks of flesh


   Skills:
 - Level 3.0 Fighting
 + Level 3.3 Dodging
 - Level 2.0 Stealth
 * Level 3.9 Unarmed Combat
   Level 2.6 Invocations


You had 2 spell levels left.
You didn't know any spells.
Your spell library was empty.

Dungeon Overview and Level Annotations

Branches:
Dungeon (2/12)

Altars:
Ashenzari


Innate Abilities, Weirdness & Mutations

You are partially covered in large bone plates. (SH +4)
You regenerate a little health from kills.


Message History

You hit the gnoll.
The gnoll is heavily wounded.
The gnoll closely misses you. The gnoll hits you with a +0 halberd.
You closely miss the gnoll.
The gnoll is heavily wounded.
You block the gnoll's attack.
You hit the gnoll but do no damage.
The gnoll is heavily wounded.
The gnoll closely misses you.
You hit the gnoll but do no damage.
The gnoll is heavily wounded.
The gnoll barely misses you. The gnoll hits you with a +0 halberd!
* * * LOW HITPOINT WARNING * * *
You hit the gnoll.
The gnoll is heavily wounded.
The gnoll barely misses you. You block the gnoll's attack.
You barely miss the gnoll.
The gnoll is heavily wounded.
The gnoll hits you from afar with a +0 halberd!
You die...

#.....#.#.........# #.##.###
###.....#....###.#### #.#....#
..g.÷........>.....#### #...<#.#
###gg...###....#.#....########.#
........# #....#.#....'........#
.....<..# #.#.##.#....##########
........# #÷#.##.#..).#
.....#### #.#.##.#....# .....#
#.#.##@###### .(.... #...##g#
..###.#...###.##g# #'#. _....#
#.##.# ....#.#...###.##.#
...#......#...##.#
...#......#...##.#
..........#...##.# ..........#
#.##.#


You could see 2 gnolls.

Vanquished Creatures
  A gnoll (D:2)
  An adder (D:2)
  A worm (D:2)
  A dart slug (D:1)
  2 leopard geckos
  An orc (D:2)
  2 ball pythons (D:1)
  2 giant cockroaches
  3 goblins
  3 hobgoblins
  4 jackals (D:2)
  6 bats
  5 frilled lizards
  4 kobolds
  2 rats (D:2)
38 creatures vanquished.

Notes
Turn   | Place    | Note
-------+----------+-------------------------------------------
     0 | D:1      | RedPan the Demonspawn Monk began the quest for the Orb.
     0 | D:1      | Reached XP level 1. HP: 18/18 MP: 2/2
   253 | D:1      | Gained mutation: You are partially covered in large bone
                  | plates. (SH +4) [demonic ancestry]
   253 | D:1      | Reached XP level 2. HP: 24/24 MP: 4/4
   504 | D:2      | Gained mutation: You regenerate a little health from kills.
                  | [demonic ancestry]
   504 | D:2      | Reached XP level 3. HP: 17/29 MP: 5/5
   966 | D:2      | Found a shattered altar of Ashenzari.
  1213 | D:2      | Slain by a gnoll

Skill      XL: |  1  2 |
---------------+-------+-----
Unarmed Combat | 3 |  3.9
Dodging        | 3 |  3.3
Fighting       | |  3.0
Stealth        | |  2.0
Invocations    | |  2.6

Action                   || total
-------------------------++-------
Melee: Unarmed           ||   185
       Punch             ||     4
  Use: Scroll            ||     1
 Stab: Sleeping          ||     6
  Eat: Chunk             ||     1
Armor: Robe              ||    56
Dodge: Dodged            ||   163
Block: Other             ||    22
